 Dungeon Crawl Stone Soup version 0.21-a0-225-g207ae17 (webtiles) character file.

6238 CakeIsGreat the Geomancer (level 10, -5/52 HPs)
             Began as a Gargoyle Earth Elementalist on Aug 28, 2017.
             Was a Follower of Vehumet.
             Slain by a death yak (12 damage)
             ... on level 8 of the Dungeon.
             The game lasted 00:31:05 (12119 turns).

CakeIsGreat the Geomancer (GrEE)                   Turns: 12119, Time: 00:31:06

Health: -5/52      AC: 15    Str: 16    XL:     10   Next: 93%
Magic:  1/20       EV: 13    Int: 18    God:    Vehumet [*.....]
Gold:   788        SH:  0    Dex: 10    Spells: 13/22 levels left

rFire    . . .     SeeInvis .   i - +2 whip (flame)
rCold    . . .     Gourm    .   (no shield)
rNeg     + . .     Faith    .   c - +0 robe
rPois    ∞         Spirit   .   X - +2 helmet
rElec    +         Reflect  .   G - +1 cloak
rCorr    .         Harm     .   (no gloves)
MR       +....                  (no boots)
Stlth    ++........             (no amulet)
HPRegen  0.17/turn              j - ring of protection from magic
MPRegen  0.17/turn              t - +3 ring of strength

@: very slightly contaminated, hasted, invisible, very quick
A: icy blue scales 1, deformed body, frail 1, negative energy resistance 1,
electricity resistance, unbreathing, petrification resistance, rot immunity, AC
+7
a: Renounce Religion


You were on level 8 of the Dungeon.
You worshipped Vehumet.
Vehumet was aware of your devotion.
You were hungry.

You visited 2 branches of the dungeon, and saw 10 of its levels.
You also visited: Ossuary.

You collected 788 gold pieces.

Inventory:

Hand Weapons
 i - a +2 whip of flaming (weapon)
 m - a +1 flail of crushing
 x - a +1 mace
 A - a +3 quarterstaff of chaos
 Z - a +2 flail of protection
Missiles
 b - 29 stones (quivered)
Armour
 c - a +0 robe (worn)
 k - a +2 large shield of poison resistance
 G - a +1 cloak (worn)
 N - a +0 helmet
 X - a +2 helmet (worn)
Magical Staves
 R - an uncursed staff of earth
 W - an uncursed staff of wizardry
Jewellery
 a - an uncursed ring of protection from fire
 f - an uncursed ring of flight
 h - an uncursed ring of flight
 j - a ring of protection from magic (left hand)
 t - a +3 ring of strength (right hand)
Wands
 o - a wand of polymorph (5/24)
 w - a wand of enslavement (0/24)
 y - a wand of paralysis (0/24)
 B - a wand of lightning (0/15)
 D - a wand of polymorph (11/24)
 P - a wand of digging (15/24)
 V - a wand of flame (0/48)
 Y - a wand of flame (10/48)
Scrolls
 g - 2 scrolls of remove curse
 q - 2 scrolls of magic mapping
 r - 9 scrolls of identify
 u - 5 scrolls of teleportation
 z - 3 scrolls of immolation
 I - a scroll of enchant armour
 J - 2 scrolls of fog
 K - 4 scrolls of enchant weapon
 T - 2 scrolls of recharging
Potions
 l - 3 potions of brilliance
 n - 3 potions of curing
 s - a potion of haste
 v - 4 potions of mutation
 F - 2 potions of flight
 L - a potion of magic
 U - 2 potions of resistance
Books
 e - a book of Geomancy

   Spells                             Type                      Level
   a - Sandblast                      Earth                        1
   b - Passwall                       Transmutation/Earth          2
   c - Stone Arrow                    Conjuration/Earth            3
   d - Petrify                        Transmutation/Earth          4
   e - Lee's Rapid Deconstruction     Earth                        5
 p - a book of Power

   Spells                             Type                      Level
   a - Iskenderun's Battlesphere      Conjuration/Charms           5
   b - Venom Bolt                     Conjuration/Poison           5
   c - Bolt of Magma                  Conjuration/Fire/Earth       5
   d - Iron Shot                      Conjuration/Earth            6
   e - Orb of Destruction             Conjuration                  7
   f - Spellforged Servitor           Conjuration/Summoning        7
 M - a book of Frost

   Spells                             Type                      Level
   a - Freeze                         Ice                          1
   b - Throw Frost                    Conjuration/Ice              2
   c - Ozocubu's Armour               Charms/Ice                   3
   d - Throw Icicle                   Conjuration/Ice              4
   e - Summon Ice Beast               Ice/Summoning                4
 O - a book of Misfortune

   Spells                             Type                      Level
   a - Confusing Touch                Hexes                        1
   b - Confuse                        Hexes                        3
   c - Gell's Gravitas                Translocation                3
   d - Petrify                        Transmutation/Earth          4
   e - Metabolic Englaciation         Hexes/Ice                    5
   f - Yara's Violent Unravelling     Hexes/Transmutation          5
Comestibles
 d - 3 bread rations
 C - 4 fruits
 E - 2 meat rations


   Skills:
 + Level 4.9 Fighting
 + Level 4.8 Maces & Flails
 + Level 5.2 Armour
 + Level 3.9 Dodging
 - Level 2.1 Stealth
 + Level 3.2 Shields
 * Level 6.9 Spellcasting
 * Level 7.0 Conjurations
   Level 0.7 Transmutations
 * Level 8.5 Earth Magic
 + Level 4.0 Evocations


You had 13 spell levels left.
You knew the following spells:

 Your Spells              Type           Power        Failure   Level  Hunger
a - Sandblast             Erth           #####.       1%          1    None
b - Stone Arrow           Conj/Erth      ####..       1%          3    ##.....
c - Lee's Rapid Deconstr  Erth           #####.....   9%          5    #####..


Dungeon Overview and Level Annotations

Branches:
Dungeon (9/15)             Temple (1/1) D:7
   Lair: D:8-11         Orc: D:9-12

Altars:
Ashenzari
Cheibriados
Dithmenos
Elyvilon
Fedhas
Gozag
Hepliaklqana
Kikubaaqudgha
Makhleb
Nemelex Xobeh
Okawaru
Qazlal
Ru
Sif Muna
Trog
Uskayaw
Vehumet
Wu Jian
Xom
Yredelemnul
Zin
The Shining One

Annotations:
D:7 Joseph


Innate Abilities, Weirdness & Mutations

You are resistant to torment.
Your stone body is resilient. (AC +7)
You are immune to poison.
You resist negative energy. (rN+)
You are resistant to electric shocks. (rElec)
You can survive without breathing.
You are immune to petrification.
You are immune to rotting.
You are partially covered in icy blue scales. (AC +2)
Armour fits poorly on your strangely shaped body.
You are frail. (-10% HP)


Message History

The death yak misses you.
Okay, then.
Casting: Stone Arrow
Confirm with . or Enter, or press ? or * to list all spells.
Aiming: Sandblast
Press: ? - help, Shift-Dir - straight line, f/p - death yak
Aim: a death yak (almost dead)
The blast of sand hits the death yak.
The death yak is almost dead.
b - 29 stones The death yak gores you!
* * * LOW HITPOINT WARNING * * *
Okay, then.
You feel yourself speed up.
The death yak gores you but does no damage.
Unknown command.
You fade into invisibility!
You are feeling hungry.
The death yak gores you!
You die...

#..........########
#.................#
#..............>..#
#........<........#
######.................#
#####..........)...........#
..)...####((...............#
#.##### #(................#
#.....## #.....Y@..........#
#.###..# #.(...............#
#.####.###..........########
#).###.............##
.#..###...........##
.#............###########
......>........(........#####
#.....#####......#..........###
#..........#.###........###...##


You could see a death yak.

Vanquished Creatures
  The ghost of Banto the Covert, a novice DsSk of Kikubaaqudgha (D:8)
  Pikel (D:3)
  A kobold demonologist (D:9)
  2 hippogriffs
  Grinder (D:3)
  A wyvern (D:9)
  3 yaks
  Edmund (D:4)
  2 water moccasins (D:9)
  2 orc warriors (D:8)
  A sky beast (D:9)
  2 phantoms
  2 black bears
  2 centaurs
  4 ogres
  Blork the orc (D:4)
  2 bullfrogs
  5 wights
  6 killer bees (D:9)
  3 howler monkeys
  3 crimson imps
  4 hounds
  2 jellies
  2 bullfrog skeletons
  2 orc priests (D:8)
  5 iguanas
  7 orc wizards
  2 gnoll shamans (D:8)
  Crazy Yiuf (D:5)
  Ijyb (D:3)
  7 worker ants
  A big kobold zombie (Ossuary)
  2 hound skeletons (D:7)
  7 mummies (Ossuary)
  A worker ant zombie (D:5)
  Robin (D:4)
  12 gnolls
  12 adders
  3 shadow imps
  An ooze (D:3)
  2 adder zombies
  3 adder skeletons
  4 worms
  2 dart slugs
  7 leopard geckos
  20 orcs
  8 giant cockroaches
  2 gnoll zombies (Ossuary)
  11 hobgoblins
  9 jackals
  2 quokkas (D:2)
  3 ball pythons
  8 bats
  9 frilled lizards
  14 goblins
  A hobgoblin zombie (Ossuary)
  6 kobolds
  2 leopard gecko skeletons (D:5)
  An orc zombie (Ossuary)
  3 rats
236 creatures vanquished.

Vanquished Creatures (collateral kills)
  A slave (D:4)
  2 gnolls (D:4)
  An adder skeleton (D:4)
  A dart slug (D:4)
  A kobold (D:3)
  A hobgoblin zombie (Ossuary)
  An orc zombie (Ossuary)
  A rat (D:3)
9 creatures vanquished.

Vanquished Creatures (others)
  2 yaks (D:8)
  A slave (D:4)
  A hound (D:7)
  A killer bee zombie (D:9)
  A mummy (Ossuary)
  An adder (D:3)
  A hobgoblin (D:3)
  A hobgoblin zombie (Ossuary)
9 creatures vanquished.

Grand Total: 254 creatures vanquished

Notes
Turn   | Place    | Note
-------+----------+-------------------------------------------
     0 | D:1      | CakeIsGreat the Gargoyle Earth Elementalist began the quest for the Orb.
     0 | D:1      | Reached XP level 1. HP: 10/10 MP: 3/3
   157 | D:1      | Reached XP level 2. HP: 7/15 MP: 0/5
   409 | D:1      | Reached XP level 3. HP: 20/20 MP: 3/6
   414 | D:1      | Learned a level 3 spell: Stone Arrow
  1019 | D:2      | Reached XP level 4. HP: 16/24 MP: 0/8
  1517 | D:2      | Reached skill level 4 in Earth Magic
  1955 | D:3      | Reached skill level 1 in Conjurations
  2098 | D:3      | Reached skill level 1 in Armour
  2098 | D:3      | Reached XP level 5. HP: 15/28 MP: 5/9
  2099 | D:3      | Reached skill level 1 in Fighting
  2377 | D:3      | Learned a level 5 spell: Lee's Rapid Deconstruction
  2430 | D:3      | Noticed Ijyb
  2434 | D:3      | Killed Ijyb
  2434 | D:3      | Reached skill level 1 in Maces & Flails
  2475 | D:3      | Reached skill level 1 in Evocations
  2657 | D:3      | Noticed Grinder
  2704 | D:3      | Killed Grinder
  2704 | D:3      | Reached XP level 6. HP: 30/35 MP: 0/11
  3155 | D:3      | Found a burning altar of Makhleb.
  3283 | D:3      | Reached XP level 7. HP: 40/40 MP: 5/12
  3475 | D:4      | Noticed Pikel
  3967 | D:3      | Killed Pikel
  3967 | D:3      | Reached skill level 5 in Earth Magic
  3967 | D:3      | Reached XP level 8. HP: 28/45 MP: 1/14
  4077 | D:4      | Noticed Edmund
  4085 | D:4      | Killed Edmund
  4217 | D:4      | Noticed Robin
  4231 | D:4      | Killed Robin
  4810 | D:4      | Noticed Blork the orc
  4815 | D:4      | Reached skill level 6 in Earth Magic
  4816 | D:4      | Killed Blork the orc
  5006 | D:5      | Entered Level 5 of the Dungeon
  5145 | D:5      | Found a runed door.
  5149 | D:5      | Noticed Crazy Yiuf
  5151 | D:5      | Killed Crazy Yiuf
  5276 | D:5      | Found a sand-covered staircase.
  5364 | Ossuary  | Entered an ossuary
  6165 | D:5      | Reached XP level 9. HP: 51/51 MP: 9/16
  6389 | D:5      | Reached skill level 5 in Conjurations
  6858 | D:6      | Reached skill level 5 in Spellcasting
  7378 | D:6      | Reached skill level 7 in Earth Magic
  7887 | D:7      | Found a staircase to the Ecumenical Temple.
  7895 | Temple   | Entered the Ecumenical Temple
  8264 | Temple   | Became a worshipper of Vehumet
  8322 | D:7      | Noticed Joseph
  8526 | D:7      | Found a stormy altar of Qazlal.
  9073 | D:8      | Reached skill level 1 in Shields
  9369 | D:7      | Reached * piety under Vehumet
  9369 | D:7      | Offered knowledge of Sting by Vehumet.
  9555 | D:7      | Reached XP level 10. HP: 24/57 MP: 3/19
  9764 | D:7      | Gained mutation: Armour fits poorly on your strangely shaped body. [potion of mutation]
  9764 | D:7      | Gained mutation: You are frail. (-10% HP) [potion of mutation]
  9764 | D:7      | Gained mutation: You are partially covered in icy blue scales. (AC +2) [potion of mutation]
 10021 | D:8      | Noticed Banto's ghost (novice DsSk)
 10061 | D:8      | Killed Banto's ghost
 10061 | D:8      | Reached skill level 8 in Earth Magic
 10932 | D:9      | Noticed a death yak
 10932 | D:9      | Noticed a death yak
 10933 | D:9      | Noticed a death yak
 10934 | D:9      | Noticed a death yak
 10936 | D:9      | Noticed a death yak
 11230 | D:9      | Reached skill level 5 in Armour
 11883 | D:9      | Noticed a kobold demonologist
 11884 | D:9      | Noticed a soul eater
 11886 | D:9      | Killed a kobold demonologist
 12099 | D:8      | HP: 2/52 [death yak (16)]
 12119 | D:8      | Slain by a death yak

Vault maps used:
D:1:      dpeg_arrival_pits
D:3:      lemuel_round_altar, uniq_grinder, uniq_ijyb
D:4:      uniq_blork_the_orc, uniq_edmund, uniq_robin, uniq_pikel
D:5:      enter_ossuary_1, first_bread, minmay_hedge_maze,
          uniq_crazy_yiuf_cottage
D:7:      minmay_temple_entry_overgrown, nicolae_qazlal_general_emergency,
          uniq_joseph
D:8:      serial_glass, glass_columns_a, glass_columns_a
D:9:      minmay_the_grid_triangle_9x9_rhombus_thin_mashed, dpeg_lair_monsters,
          serial_shops, nicolae_shop_window_shopping
Temple:   compressed_dpeg_triangle_lava_temple
Ossuary:  ossuary_tomb_3

Skill      XL: |  1  2  3  4  5  6  7  8  9 10 |
---------------+-------------------------------+-----
Spellcasting   | 3 4 6 |  6.9
Earth Magic    | 4 5 6 7 8 |  8.5
Conjurations   | 1 2 3 4 6 7 |  7.0
Armour         | 1 2 3 4 5 |  5.2
Fighting       | 1 2 3 4 |  4.9
Maces & Flails | 1 2 3 4 |  4.8
Evocations     | 1 2 3 4 |  4.0
Dodging        | 2 3 |  3.9
Shields        | 2 3 |  3.2
Stealth        | |  2.1
Transmutations | |  0.7

Action                   |  1- 3 |  4- 6 |  7- 9 | 10-12 || total
-------------------------+-------+-------+-------+-------++-------
Melee: Unarmed           |    21 |       |       |       ||    21
       Club              |    15 |    13 |       |       ||    28
       Mace              |       |    39 |    17 |       ||    56
       Whip              |       |       |   101 |    32 ||   133
       Staff             |       |       |    11 |       ||    11
 Cast: Sandblast         |    42 |    15 |    88 |    26 ||   171
       Stone Arrow       |     3 |    36 |   126 |    67 ||   232
       Lee's Rapid Decon |       |       |       |    10 ||    10
Evoke: Wand              |       |     4 |    22 |    28 ||    54
  Use: Scroll            |     2 |       |     6 |     4 ||    12
       Potion            |       |       |     6 |    13 ||    19
  Eat: Chunk             |     1 |    10 |    21 |     7 ||    39
       Fruit             |       |       |     4 |     2 ||     6
       Bread ration      |       |       |     1 |     1 ||     2
Armor: Robe              |    14 |    28 |    64 |    57 ||   163
Dodge: Dodged            |    41 |    55 |   125 |    93 ||   314

Table legend:
 A = Spawn XP
 B = Non-spawn XP
 C = Spawn XP percentage of total XP
 D = Spawn monster count
 E = Non-spawn monster count
 F = Spawn count percentage of total count
 G = Total turns spent on level
                    A         B        C        D         E        F      G
               +---------+---------+-------+---------+---------+-------+---------
         Total |     799 |    8113 |   9.0 |      36 |     209 |  14.7 | 12119
               +---------+---------+-------+---------+---------+-------+---------
           D:1 |       5 |      40 |  11.1 |       4 |      16 |  20.0 |   675
           D:2 |      17 |      68 |  20.0 |       8 |      21 |  27.6 |  1212
           D:3 |      67 |    1071 |   5.9 |       6 |      25 |  19.4 |  2108
           D:4 |       0 |     671 |   0.0 |       0 |      30 |   0.0 |  1011
           D:5 |      27 |     596 |   4.3 |       6 |      20 |  23.1 |  1183
           D:6 |      72 |     504 |  12.5 |       2 |      15 |  11.8 |   895
           D:7 |      92 |     702 |  11.6 |       4 |      11 |  26.7 |  1231
           D:8 |     245 |    2364 |   9.4 |       3 |      34 |   8.1 |  1631
           D:9 |     274 |    1942 |  12.4 |       3 |      23 |  11.5 |  1148
       Ossuary |       0 |     155 |   0.0 |       0 |      14 |   0.0 |   648
               +---------+---------+-------+---------+---------+-------+---------
